 Dungeon Crawl Stone Soup version 0.25.0-7-g216d0a8 (webtiles) character file.

Game seed: 9634814885121753875

543 Gadfly the Magician (level 7, -2/38 HPs)
             Began as a Deep Elf Air Elementalist on June 15, 2020.
             Slain by a hound (5 damage)
             ... on level 5 of the Dungeon.
             The game lasted 00:15:37 (7123 turns).

Gadfly the Magician (Deep Elf Air Elementalist)     Turns: 7123, Time: 00:15:37

Health: -2/38      AC:  6    Str:  9    XL:     7   Next: 6%
Magic:  0/16       EV: 14    Int: 22    God:
Gold:   224        SH:  0    Dex: 15    Spells: 6/16 levels left

rFire    . . .     SeeInvis .   i - -3 short sword (curse)
rCold    . . .     Gourm    .   (no shield)
rNeg     . . .     Faith    .   p - +1 robe of Zuamuc {Str+4}
rPois    .         Spirit   +   h - +0 helmet
rElec    .         Reflect  .   (no cloak)
rCorr    .         Harm     .   d - +1 pair of gloves
MR       .....                  (no boots)
Stlth    +.........             j - amulet of guardian spirit
HPRegen  0.12/turn              (no ring)
MPRegen  0.15/turn              (no ring)

@: silence, berserk cooldown, slowed, very slow
A: no striking features
a: no special abilities


You were on level 5 of the Dungeon.
You were not hungry.

You visited 1 branch of the dungeon, and saw 5 of its levels.

You collected 224 gold pieces.

Inventory:

Hand Weapons
 a - a +0 dagger of venom
 i - a cursed -3 short sword (weapon)
 m - a +1 trident of protection
 r - a +1 flail of holy wrath
Missiles
 b - 2 throwing nets
 l - 20 poisoned darts
 n - 5 boomerangs (quivered)
Armour
 d - a +1 pair of gloves (worn)
 h - a +0 helmet (worn)
 p - the +1 robe of Zuamuc (worn) {Str+4}
   (You found it on level 4 of the Dungeon)

   It affects your strength (+4).
Jewellery
 j - an amulet of guardian spirit (around neck)
 s - a +4 ring of protection
 t - the amulet of Wuqarer {RegenMP rC+ MR+ Dex+2, unknown}
   (You found it on level 5 of the Dungeon)

   [amulet of magic regeneration]

   It increases your magic regeneration.
   It affects your dexterity (+2).
   It protects you from cold.
   It affects your resistance to hostile enchantments.
Scrolls
 k - a scroll of enchant armour
 v - a scroll of teleportation
Potions
 e - a potion of curing
 f - a potion of berserk rage
 g - a potion of heal wounds {unknown}
 q - 2 potions of brilliance {unknown}
Comestibles
 c - 9 rations
 o - a chunk of flesh


   Skills:
 + Level 1.5 Fighting
 * Level 4.5 Dodging
 - Level 2.4 Stealth
 * Level 5.2 Spellcasting
 * Level 3.6 Conjurations
 + Level 3.0 Charms
 * Level 4.5 Air Magic


You had 6 spell levels left.
You knew the following spells:

 Your Spells              Type           Power        Failure   Level  Hunger
a - Shock                 Conj/Air       ###.         1%          1    None
b - Swiftness             Chrm/Air       ###.....     3%          2    None
c - Static Discharge      Conj/Air       ###.....     5%          3    ##.....
d - Airstrike             Air            ####......   16%         4    ####...

Your spell library contained the following spells:

 Spells                   Type           Power        Failure   Level  Hunger
 Confusing Touch          Hex            #.......     30%         3    ##.....
 Gell's Gravitas          Tloc           #.........   30%         3    ##.....
 Lightning Bolt           Conj/Air       ###.......   45%         5    #####..
 Petrify                  Tmut/Erth      #.......     69%         4    ####...
 Metabolic Englaciation   Hex/Ice        #.........   95%         5    #####..
 Yara's Violent Unravell  Hex/Tmut       #.........   95%         5    #####..


Dungeon Overview and Level Annotations

Branches:
Dungeon (5/15)
 Temple: D:4-7

Altars:
Ashenzari
Nemelex Xobeh
Xom

Annotations:
D:5 Dowan, Duvessa, Grinder


Message History

The adder bites you but does no damage. Grinder completely misses you.
Grinder hits you but does no damage. The hound completely misses you.
Grinder gestures at you. Pain shoots through your body!
* * * LOW HITPOINT WARNING * * *
The hound bites you.
* * * LOW HITPOINT WARNING * * *
Okay, then.
It was a potion of berserk rage.
A red film seems to cover your vision as you go berserk!
You feel yourself moving faster!
You feel mighty! The hound bites you but does no damage.
The hound closely misses you. The adder barely misses you.
You feel a strong urge to attack something.
You feel your anger nearly subside.
You are no longer berserk.
You are exhausted.
You feel yourself slow down. The hound bites you.
You die...

........)....# #.........#
..##.##..#...# ##รท####..##
.....##.####.# #.......#
.....####.#...###.####<......##
.......#...#..##.............#
#..#...........##.#[.........#
.....####.####....#....).....#
#.#..##.....##.#.............#
#.##.#.......#.@#.)..<.......#
#.#..#.......#h.#...#.......##
.#........_.Z5...###..........#
......#.......#....#..........#
......#.......#.##.#..........#
#.....##.....##.# ............#
......####.####.# #...........#
....... ..... ..# ##.....>...##
.$........####### ...


You could see Grinder and a hound.

Vanquished Creatures
  A howler monkey (D:5)
  A jelly (D:5)
  2 orc priests (D:5)
  3 orc wizards
  An iguana (D:3)
  2 worker ants (D:4)
  A hound skeleton (D:4)
  9 adders
  4 gnolls
  3 oozes
  5 worms
  3 leopard geckos
  11 orcs
  2 ball pythons
  7 bats
  2 giant cockroaches
  8 goblins
  7 hobgoblins
  4 jackals (D:1)
  A quokka (D:3)
  A ball python skeleton (D:4)
  6 frilled lizards
  10 kobolds
  A quokka skeleton (D:4)
  14 rats
109 creatures vanquished.

Notes
Turn   | Place    | Note
-------+----------+-------------------------------------------
     0 | D:1      | Gadfly the Deep Elf Air Elementalist began the quest for
                  | the Orb.
     0 | D:1      | Reached XP level 1. HP: 10/10 MP: 6/6
   457 | D:1      | Reached XP level 2. HP: 15/15 MP: 8/8
   461 | D:1      | Learned a level 2 spell: Swiftness
  1081 | D:1      | Reached XP level 3. HP: 5/19 MP: 6/10
  1367 | D:1      | Reached skill level 1 in Charms
  2163 | D:2      | Found a sparkling altar of Nemelex Xobeh.
  2353 | D:2      | Reached XP level 4. HP: 10/24 MP: 8/11
  2992 | D:2      | Reached skill level 4 in Spellcasting
  3501 | D:2      | Learned a level 3 spell: Static Discharge
  3506 | D:2      | Learned a level 4 spell: Airstrike
  3777 | D:3      | Reached XP level 5. HP: 27/28 MP: 5/13
  4436 | D:3      | Reached skill level 1 in Fighting
  4843 | D:4      | Found a shimmering altar of Xom.
  5337 | D:4      | Reached XP level 6. HP: 34/34 MP: 11/14
  5457 | D:4      | Got a wizard robe
  5494 | D:4      | Identified the +1 robe of Zuamuc {Str+4} (You found it on
                  | level 4 of the Dungeon)
  6080 | D:5      | Entered Level 5 of the Dungeon
  6169 | D:5      | Noticed Dowan
  6403 | D:4      | Reached skill level 5 in Spellcasting
  6802 | D:5      | Noticed Duvessa
  6871 | D:5      | Got a shimmering pewter amulet
  6905 | D:5      | Reached XP level 7. HP: 31/38 MP: 4/16
  7087 | D:5      | Found a shattered altar of Ashenzari.
  7095 | D:5      | Noticed Grinder
  7123 | D:5      | Slain by a hound

Illustrated notes

Levels and vault maps discovered:
D:1:      minmay_arrival_up_and_down, layout_basic
D:2:      layout_basic, nemelex_xobeh_ov_fountains_minmay
D:3:      layout_loops_ring, wad_rectangle_vault
D:4:      layout_basic, corexii_item_surrounded_by_moat, xom_teletrap_fun
D:5:      layout_rooms, zin_treasury, old_standard_altar, first_ration,
          uniq_grinder, uniq_duvessa

Skill      XL: |  1  2  3  4  5  6 |
---------------+-------------------+-----
Charms         | 1 2 3 |  3.0
Dodging        | 3 4 |  4.5
Conjurations   | 2 3 |  3.6
Spellcasting   | 4 5 |  5.2
Fighting       | 1 |  1.5
Air Magic      | 4 |  4.5
Stealth        | |  2.4

Action                   |  1- 3 |  4- 6 |  7- 9 || total
-------------------------+-------+-------+-------++-------
Melee: Dagger            |    56 |     2 |       ||    58
       Short sword       |       |   195 |     1 ||   196
Throw: Boomerang         |       |     2 |       ||     2
       Dart              |       |     1 |       ||     1
 Cast: Shock             |    34 |   132 |    11 ||   177
       Static Discharge  |       |    12 |     4 ||    16
       Swiftness         |       |     2 |       ||     2
  Use: Scroll            |     2 |     7 |     1 ||    10
       Potion            |     1 |       |     2 ||     3
 Stab: Sleeping          |     4 |     6 |       ||    10
  Eat: Chunk             |     4 |    15 |     1 ||    20
Armor: Robe              |    10 |    58 |     6 ||    74
Dodge: Dodged            |    55 |   188 |    18 ||   261
